[Event "Titled Tuesday Blitz January 18 2022"]
[White "Sviridov, Valery"]
[Black "Petrovskyi, Vadym"]
[WhiteFideId "4120680"]
[BlackFideId "14165210"]
[WhiteElo "2949"]
[BlackElo "2719"]
[Result "1-0"]
[Round "06"]
[TimeControl "180+1"]
[Date "2022.01.18"]
[WhiteClock "0:00:16"]
[BlackClock "0:00:12"]

1. Nf3 Nf6 2. g3 g6 3. Bg2 Bg7 4. O-O O-O 5. c4 d6 6. Nc3 e5 7. d4 Nbd7 8. e4 c6 9. h3 Qb6 10. dxe5 dxe5 11. Qc2 a5 12. Be3 Qb4 13. Nd2 Qe7 14. Na4 b5 15. cxb5 cxb5 16. Nc3 Ba6 17. Rfc1 Rac8 18. Qd1 Nc5 19. Nb3 Rfd8 20. Nd5 Nxd5 21. Bxc5 Qe8 22. exd5 a4 23. Na5 Bh6 24. Be3 Bxe3 25. fxe3 e4 26. Qd4 f5 27. Nc6 Rd7 28. Ne5 Rd6 29. Rxc8 Qxc8 30. Rd1 Bb7 31. Qb4 Rxd5 32. Rxd5 Bxd5 33. Bf1 Qc7 34. Qd4 Bxa2 35. Bxb5 Bb3 36. Bc4+ Kf8 37. Nxg6+ hxg6 38. Qh8+ Ke7 39. Qg7+ Kd6 40. Qxc7+ Kxc7 41. Bb5 Kd6 42. h4 Ke5 43. Kf2 Kf6 44. Ke2 g5 45. Kd2 gxh4 46. gxh4 Kg6 47. Be8+ Kf6 48. Kc3 f4 49. exf4 Kf5 50. h5 Kxf4 51. h6 Bg8 52. Bg6 e3 53. h7 Bxh7 54. Bxh7 Kf3 55. Bd3 e2 56. Kd2 e1=Q+ 57. Kxe1 Ke3 58. Bc2 a3 59. bxa3 Kd4 60. Kd2 Kc5 61. Kc3 Kb6 62. Kb4 1-0


[Site "https://www.chess.com"]

[Event "Titled Tuesday Blitz January 18 2022"]
[White "Sychev, Klementy"]
[Black "Ljukin, Sergei"]
[WhiteFideId "4114060"]
[BlackFideId "14102200"]
[WhiteElo "2564"]
[BlackElo "2312"]
[Result "1-0"]
[Round "06"]
[TimeControl "180+1"]
[Date "2022.01.18"]
[WhiteClock "0:00:14"]
[BlackClock "0:01:07"]

1. d4 d5 2. c4 c6 3. Nf3 Nf6 4. Nbd2 Bf5 5. Nh4 Bc8 6. g3 g5 7. Nhf3 h6 8. e3 Bf5 9. cxd5 cxd5 10. Qb3 Qc7 11. Ne5 Nc6 12. Bb5 Bg7 13. Bxc6+ bxc6 14. Qc3 Rc8 15. b3 O-O 16. Ba3 Rfe8 17. Rc1 Ne4 18. Nxe4 Bxe4 19. O-O Bxe5 20. dxe5 Bf3 21. Qd4 Qd7 22. g4 Bxg4 23. f4 Bf5 24. Bb2 e6 25. fxg5 hxg5 26. Rxf5 Qe7 27. Rf6 1-0


[Site "https://www.chess.com"]

[Event "Titled Tuesday Blitz January 18 2022"]
[White "Tabatabaei, M. Amin"]
[Black "Salinas Herrera, Pablo"]
[WhiteFideId "12521213"]
[BlackFideId "3407128"]
[WhiteElo "2950"]
[BlackElo "2853"]
[Result "1/2-1/2"]
[Round "06"]
[TimeControl "180+1"]
[Date "2022.01.18"]
[WhiteClock "0:00:09"]
[BlackClock "0:00:07"]

1. d4 d5 2. Nf3 Nf6 3. Bf4 e6 4. e3 Bd6 5. Ne5 O-O 6. Nd2 b6 7. h4 Bb7 8. h5 Ne4 9. h6 g6 10. Nxe4 dxe4 11. Qg4 Nd7 12. Nxd7 Qxd7 13. Be2 Qe7 14. O-O e5 15. dxe5 Bxe5 16. Bxe5 Qxe5 17. Rad1 Rad8 18. Qh4 f6 19. Bc4+ Kh8 20. c3 c5 21. a4 Bc8 22. a5 Be6 23. Be2 g5 24. Qg3 Kg8 25. Qxe5 fxe5 26. Bh5 b5 27. a6 Bb3 28. Rxd8 Rxd8 29. f3 Bc4 30. Rf2 Rd1+ 31. Kh2 Rd6 32. Kg3 Rxh6 33. Kg4 exf3 34. gxf3 Rxa6 35. Rd2 Kg7 36. Kxg5 h6+ 37. Kf5 Rf6+ 38. Kxe5 Re6+ 39. Kf4 a5 40. e4 a4 41. e5 b4 42. cxb4 cxb4 43. Rd7+ Kf8 44. Ra7 Ra6 45. Rc7 a3 46. bxa3 bxa3 47. Rxc4 a2 48. Rc1 a1=Q 49. Rxa1 Rxa1 50. Kf5 Ke7 51. f4 Rh1 52. Kg6 Re1 53. Kxh6 Re3 54. Kg5 Re1 55. Bg4 Re3 56. Bf5 Re1 57. Kg4 Re3 58. Bb1 Ke6 59. Ba2+ Ke7 60. Kf5 Re1 61. Bc4 Re3 62. Kg6 Re4 63. Bd5 Rxf4 64. Kg5 Rf1 65. Bc4 Re1 66. Kf5 Rc1 67. Bd5 Rc5 68. Bb3 Rb5 69. Bc4 Rxe5+ 70. Kxe5 1/2-1/2


[Site "https://www.chess.com"]

[Event "Titled Tuesday Blitz January 18 2022"]
[White "Taichman, Ori"]
[Black "Pakleza, Zbigniew"]
[WhiteFideId "2804069"]
[BlackFideId "1119290"]
[WhiteElo "2227"]
[BlackElo "2467"]
[Result "0-1"]
[Round "06"]
[TimeControl "180+1"]
[Date "2022.01.18"]
[WhiteClock "0:00:09"]
[BlackClock "0:00:09"]

1. e4 d6 2. d4 Nf6 3. Nc3 c6 4. f4 Qb6 5. Nf3 Bg4 6. Bc4 e6 7. Bb3 d5 8. e5 Nfd7 9. Be3 c5 10. dxc5 Bxc5 11. Na4 Qb4+ 12. Bd2 Qe4+ 13. Qe2 Bxf3 14. gxf3 Qxe2+ 15. Kxe2 Nc6 16. c4 Nd4+ 17. Kd3 dxc4+ 18. Bxc4 Nxf3 19. Bc3 O-O-O 20. Nxc5 Nxc5+ 21. Ke3 Nh4 22. Rac1 Nf5+ 23. Kf3 Kb8 24. Rhd1 h6 25. b4 Na4 26. Ba1 Nb6 27. Bb3 Rc8 28. a4 Rxc1 29. Rxc1 Rd8 30. a5 Nd5 31. Rd1 Kc7 32. b5 b6 33. axb6+ Kxb6 34. Bd4+ Nxd4+ 0-1


[Site "https://www.chess.com"]

[Event "Titled Tuesday Blitz January 18 2022"]
[White "Tanenbaum, Zachary"]
[Black "Artem_Koval"]
[WhiteFideId "2060850"]
[WhiteElo "2168"]
[BlackElo "2461"]
[Result "0-1"]
[Round "06"]
[TimeControl "180+1"]
[Date "2022.01.18"]
[WhiteClock "0:00:05"]
[BlackClock "0:00:15"]

1. e4 c5 2. Nf3 d6 3. d4 cxd4 4. Nxd4 Nf6 5. Nc3 a6 6. Be3 e5 7. Nb3 Be6 8. h3 h5 9. f4 Qc7 10. Qd2 Be7 11. O-O-O b5 12. fxe5 dxe5 13. Nd5 Bxd5 14. exd5 Ne4 15. Qd3 Nd6 16. Be2 Nd7 17. g4 h4 18. Qd2 a5 19. Kb1 a4 20. Nc1 O-O 21. a3 Rfc8 22. c3 Nb6 23. Na2 Nbc4 24. Bxc4 Nxc4 25. Qe2 Rd8 26. Nb4 Bxb4 27. cxb4 Qb7 28. Bg5 Rxd5 29. Bxh4 Rd2 30. Rxd2 Nxd2+ 31. Qxd2 Qxh1+ 32. Ka2 Qxh3 33. Qd5 Re8 34. Qxb5 Qb3+ 35. Kb1 Rc8 36. Qxe5 Qd1+ 37. Ka2 Rc1 38. Qe8+ Kh7 39. Qe4+ g6 40. b3 Ra1+ 41. Kb2 Qc1# 0-1


[Site "https://www.chess.com"]

[Event "Titled Tuesday Blitz January 18 2022"]
[White "Tsvetkov, Andrey"]
[Black "Gracia Alvarez, Gerardo Antonio"]
[WhiteFideId "34139360"]
[BlackFideId "5109124"]
[WhiteElo "2280"]
[BlackElo "2139"]
[Result "1-0"]
[Round "06"]
[TimeControl "180+1"]
[Date "2022.01.18"]
[WhiteClock "0:01:51"]
[BlackClock "0:00:59"]

1. g4 d5 2. Bg2 c6 3. g5 h6 4. d4 hxg5 5. Bxg5 Nd7 6. c4 Ngf6 7. Nc3 e6 8. Nf3 Be7 9. Qd3 b6 10. h4 Bb7 11. O-O-O c5 12. cxd5 exd5 13. Ne5 c4 14. Qg3 a6 15. Nxc4 O-O 16. Nd6 Bc6 17. h5 b5 18. h6 g6 19. Nf5 b4 20. h7+ Kh8 21. Bh6 Nxh7 22. Bg7+ Kg8 23. Rxh7 1-0


[Site "https://www.chess.com"]

[Event "Titled Tuesday Blitz January 18 2022"]
[White "Tsyhanchuk, Stanislav"]
[Black "Obolenskikh, Dmitry"]
[WhiteFideId "13505130"]
[BlackFideId "4156013"]
[WhiteElo "2078"]
[BlackElo "2512"]
[Result "0-1"]
[Round "06"]
[TimeControl "180+1"]
[Date "2022.01.18"]
[WhiteClock "0:00:01"]
[BlackClock "0:00:10"]

1. e4 e5 2. Nf3 Nc6 3. Bc4 Bc5 4. O-O Nf6 5. d4 Bxd4 6. Nxd4 Nxd4 7. f4 d6 8. fxe5 dxe5 9. Bg5 Qe7 10. Bxf6 gxf6 11. c3 Be6 12. Na3 Nc6 13. Kh1 Rg8 14. Qa4 Rg6 15. Rad1 Kf8 16. Bxe6 fxe6 17. Nc4 Rd8 18. b4 a6 19. Qc2 Rxd1 20. Qxd1 Kg8 21. a4 Nd8 22. Qd3 Nf7 23. Rd1 b5 24. axb5 axb5 25. Ne3 Nd6 26. Ra1 Kf7 27. Ra7 Rg8 28. Qe2 Kg7 29. c4 Kh8 30. c5 Nxe4 31. Qxb5 Qd8 32. Qe2 Qd4 33. Rxc7 Qa1+ 34. Qf1 Qb2 35. Nc4 Qxb4 36. Nd6 f5 37. Nf7+ Kg7 38. Nxe5+ Kh8 39. Nd3 Qd4 40. Nf4 Nf2+ 41. Kg1 Nh3+ 42. Kh1 Nxf4 43. c6 Rxg2 44. Rd7 Qb2 0-1


[Site "https://www.chess.com"]

[Event "Titled Tuesday Blitz January 18 2022"]
[White "Vignesh, N R"]
[Black "Ekdyshman, Mikhail"]
[WhiteFideId "25012215"]
[BlackFideId "4149416"]
[WhiteElo "2395"]
[BlackElo "2156"]
[Result "1-0"]
[Round "06"]
[TimeControl "180+1"]
[Date "2022.01.18"]
[WhiteClock "0:01:28"]
[BlackClock "0:00:04"]

1. d4 d5 2. c3 Nf6 3. Bf4 c6 4. Nf3 Bf5 5. g3 Nbd7 6. Bg2 e6 7. O-O h6 8. Re1 Be7 9. Nbd2 O-O 10. Ne5 Nxe5 11. Bxe5 Nd7 12. Bf4 a5 13. e4 dxe4 14. Bxe4 Bxe4 15. Nxe4 a4 16. c4 a3 17. b3 Bb4 18. Re3 Nf6 19. Nxf6+ Qxf6 20. Be5 Qg6 21. Qe2 Rad8 22. Rd1 f6 23. Bc7 Rd7 24. Bb6 e5 25. dxe5 Rxd1+ 26. Qxd1 fxe5 27. Rxe5 Qf6 28. Re2 Qf3 29. Qc2 c5 30. Qe4 Qc3 31. Bxc5 Bxc5 32. Qd5+ Kh7 33. Qxc5 Rf6 34. Qxa3 Qd3 35. Qb2 Qd1+ 36. Kg2 Qd7 37. Qc2+ Kg8 38. Qe4 Kh8 39. Qe8+ 1-0


[Site "https://www.chess.com"]

[Event "Titled Tuesday Blitz January 18 2022"]
[White "Visakh N R"]
[Black "Hasangatin, Ramil"]
[WhiteFideId "25012223"]
[BlackFideId "4122160"]
[WhiteElo "2454"]
[BlackElo "2375"]
[Result "1/2-1/2"]
[Round "06"]
[TimeControl "180+1"]
[Date "2022.01.18"]
[WhiteClock "0:00:11"]
[BlackClock "0:00:24"]

1. d4 Nf6 2. Bg5 e6 3. Nd2 h6 4. Bh4 d5 5. e3 Be7 6. Bd3 b6 7. c3 O-O 8. Qe2 a5 9. f4 Ba6 10. Ngf3 Ne4 11. Bxe7 Qxe7 12. Bxa6 Nxa6 13. Nxe4 dxe4 14. Nd2 f5 15. Nc4 Nb8 16. Ne5 Qe8 17. g4 Nc6 18. gxf5 Nxe5 19. fxe5 Rxf5 20. O-O-O Qf7 21. Qg4 Rf2 22. Qxe4 Rf8 23. h4 Re2 24. Rhe1 Qf2 25. Rxe2 Qxe2 26. Qd3 Rf2 27. Qxe2 Rxe2 28. Rd3 b5 29. d5 exd5 30. Rxd5 b4 31. Rxa5 bxc3 32. bxc3 Rxe3 33. Rc5 Kf7 34. Rxc7+ Ke6 35. Kb2 g5 36. hxg5 hxg5 37. a4 Rxe5 38. Kb3 Re1 39. Rc8 Rb1+ 40. Kc4 g4 41. Rg8 Kf5 42. a5 Ra1 43. Kb5 Rb1+ 44. Kc5 Ra1 45. Kb6 Rb1+ 46. Kc6 Rc1 47. a6 Rxc3+ 48. Kb6 Rb3+ 49. Kc5 Ra3 50. Kb5 Kf4 51. Rf8+ Ke3 52. Re8+ Kf2 53. Rf8+ Ke2 54. Re8+ Kf2 55. Rf8+ Ke2 56. Re8+ Kf2 1/2-1/2


[Site "https://www.chess.com"]

[Event "Titled Tuesday Blitz January 18 2022"]
[White "Vokhidov, Shamsiddin"]
[Black "Iskusnyh, Sergei"]
[WhiteFideId "14204223"]
[BlackFideId "4120027"]
[WhiteElo "2611"]
[BlackElo "2492"]
[Result "1-0"]
[Round "06"]
[TimeControl "180+1"]
[Date "2022.01.18"]
[WhiteClock "0:01:28"]
[BlackClock "0:01:06"]

1. e4 e6 2. d4 d5 3. Nc3 Nf6 4. Bg5 dxe4 5. Nxe4 Nbd7 6. Nf3 h6 7. Bxf6 Nxf6 8. Nxf6+ Qxf6 9. Bb5+ c6 10. Bd3 g6 11. Qe2 Bg7 12. O-O-O O-O 13. c3 a5 14. Kb1 a4 15. a3 Ra5 16. h4 c5 17. h5 cxd4 18. cxd4 g5 19. Qe4 Rd8 20. Rc1 Rad5 21. Rc7 Bd7 22. Re1 Bc6 23. Ne5 Rxe5 24. Qh7+ Kf8 25. dxe5 Qxf2 26. Rf1 Qxf1+ 27. Bxf1 Rd1+ 28. Kc2 Rxf1 29. Rc8+ Be8 30. Rxe8+ Kxe8 31. Qxg7 Rf2+ 32. Kc3 Rxg2 33. Qxh6 g4 34. Qh8+ Kd7 35. h6 g3 36. Qg7 Rh2 37. Qxf7+ 1-0


[Site "https://www.chess.com"]

[Event "Titled Tuesday Blitz January 18 2022"]
[White "Weishaeutel, Moritz"]
[Black "Gelman, Alexander"]
[WhiteFideId "12967300"]
[BlackFideId "4118316"]
[WhiteElo "2002"]
[BlackElo "2375"]
[Result "1-0"]
[Round "06"]
[TimeControl "180+1"]
[Date "2022.01.18"]
[WhiteClock "0:00:11"]
[BlackClock "0:00:11"]

1. e4 c5 2. b4 cxb4 3. a3 bxa3 4. d4 g6 5. Nxa3 Bg7 6. c3 d6 7. Bd3 Nf6 8. Ne2 O-O 9. O-O Nc6 10. f4 a6 11. Nc2 Bd7 12. e5 Nd5 13. Be4 Nb6 14. Rb1 Na5 15. Ne3 Bc6 16. d5 Bb5 17. e6 f5 18. Bd3 Bxd3 19. Qxd3 Rc8 20. Bd2 Qc7 21. c4 Nbxc4 22. Rfc1 b5 23. Bxa5 Qxa5 24. Nxc4 bxc4 25. Rxc4 Rc5 26. Rxc5 Qxc5+ 27. Kh1 a5 28. Rb5 Qf2 29. h3 Ra8 30. Qc4 Bf6 31. Qc6 Rf8 32. Ng1 Qxf4 33. Rxa5 Rb8 34. Ra8 Rxa8 35. Qxa8+ Kg7 36. Nf3 g5 37. Qe8 g4 38. Ng1 Be5 39. Qxe7+ Kh6 40. Qf8+ Kh5 41. Qf7+ Kh4 42. Qxh7+ Kg5 43. h4+ Kf6 44. Qf7# 1-0


[Site "https://www.chess.com"]

[Event "Titled Tuesday Blitz January 18 2022"]
[White "Xiong, Jeffery"]
[Black "Weetik, Vjacheslav"]
[WhiteFideId "2047640"]
[BlackFideId "4153472"]
[WhiteElo "3027"]
[BlackElo "2767"]
[Result "1-0"]
[Round "06"]
[TimeControl "180+1"]
[Date "2022.01.18"]
[WhiteClock "0:00:59"]
[BlackClock "0:00:03"]

1. Nf3 Nf6 2. c4 g6 3. b4 Bg7 4. Bb2 O-O 5. e3 d6 6. Be2 e5 7. d3 Ng4 8. Nc3 f5 9. O-O Be6 10. a4 Nd7 11. a5 a6 12. e4 Kh8 13. d4 Bg8 14. h3 Nh6 15. dxe5 dxe5 16. Qc2 c6 17. Rad1 Qe7 18. Rfe1 f4 19. c5 Be6 20. Nb1 Nf7 21. Nbd2 h5 22. Nc4 g5 23. Nh2 g4 24. hxg4 hxg4 25. Bxg4 Bxg4 26. Nxg4 f3 27. Bc1 Qe6 28. gxf3 Nf6 29. Nce3 Ng5 30. Kg2 Nxg4 31. fxg4 Qg6 32. Rh1+ Kg8 33. Nf5 Ne6 34. Ne7+ 1-0


[Site "https://www.chess.com"]

[Event "Titled Tuesday Blitz January 18 2022"]
[White "Yeletsky, Ivan"]
[Black "Sokolovsky, Yahli"]
[WhiteFideId "24180327"]
[BlackFideId "2820242"]
[WhiteElo "2348"]
[BlackElo "1770"]
[Result "0-1"]
[Round "06"]
[TimeControl "180+1"]
[Date "2022.01.18"]
[WhiteClock "0:00:05"]
[BlackClock "0:00:05"]

1. c4 g6 2. Nc3 Bg7 3. b3 d6 4. Bb2 Nc6 5. e3 e5 6. h4 Nf6 7. Be2 h5 8. Nf3 Bg4 9. Ng5 Bxe2 10. Qxe2 Qe7 11. Nd5 Qd7 12. O-O-O Nxd5 13. cxd5 Ne7 14. e4 c6 15. d4 cxd5 16. dxe5 dxe5 17. exd5 O-O 18. Kb1 Nxd5 19. Qe4 Rad8 20. Rh3 Nc3+ 21. Bxc3 Qxd1+ 22. Kb2 Qd5 23. Re3 Qxe4 24. Rxe4 Rfe8 25. Rb4 Rd7 26. f3 Rc8 27. Rb5 Rdc7 28. Bb4 e4+ 29. Ka3 exf3 30. gxf3 Bf8 31. Bxf8 Rxf8 32. Rd5 Re8 33. Kb4 Kf8 34. a4 Ke7 35. Re5+ Kf8 36. Nh7+ Kg7 37. Rxe8 Kxh7 38. Ra8 b6 39. Kb5 Rc3 40. b4 Rc7 41. Ka6 g5 42. hxg5 h4 43. Rd8 Kg6 44. f4 Kf5 45. Rh8 Kg4 46. b5 h3 47. Rh7 Rc4 48. Kxa7 Rxa4+ 49. Kxb6 Rxf4 50. Kc6 Kg3 51. b6 Rc4+ 52. Kb5 Rc1 53. b7 Rb1+ 54. Kc6 h2 55. Kc7 Kg2 56. Rxh2+ Kxh2 57. b8=Q Rxb8 58. Kxb8 Kg3 59. Kc7 Kg4 60. Kd6 Kxg5 61. Ke5 f5 0-1


[Site "https://www.chess.com"]

[Event "Titled Tuesday Blitz January 18 2022"]
[White "Yeshchenko, Uliana"]
[Black "Jary, Sergey"]
[WhiteFideId "14187272"]
[BlackFideId "14110350"]
[WhiteElo "1881"]
[BlackElo "2260"]
[Result "0-1"]
[Round "06"]
[TimeControl "180+1"]
[Date "2022.01.18"]
[WhiteClock "0:00:36"]
[BlackClock "0:00:45"]

1. d4 Nf6 2. c4 g6 3. Nc3 Bg7 4. e4 d6 5. Nge2 O-O 6. f3 Nc6 7. g4 e5 8. d5 Nd4 9. Bg2 c5 10. h4 h5 11. gxh5 Nxh5 12. Bg5 Bf6 13. Qd2 a6 14. Nxd4 cxd4 15. Ne2 b5 16. cxb5 axb5 17. Kf2 Bd7 18. Ng3 Bxg5 19. hxg5 Nf4 20. Ne2 Qxg5 21. Nxf4 exf4 22. Qxd4 f6 23. Qb4 Rac8 24. Rac1 Qe5 25. Bf1 Rxc1 26. Rg1 Rc2+ 27. Be2 Qh5 28. Rg2 Qh4+ 29. Kg1 Bh3 30. Rxg6+ Kf7 31. Qxd6 Rc1+ 32. Kh2 Qf2+ 33. Kxh3 Rh1+ 34. Kg4 Rg1+ 35. Kf5 Rxg6 36. Qd7+ Kg8 37. Kxg6 Qg2+ 38. Kh6 Qg5# 0-1


[Site "https://www.chess.com"]

[Event "Titled Tuesday Blitz January 18 2022"]
[White "Yoo, Christopher Woojin"]
[Black "Samunenkov, Ihor"]
[WhiteFideId "30909694"]
[BlackFideId "14187086"]
[WhiteElo "2105"]
[BlackElo "2406"]
[Result "1/2-1/2"]
[Round "06"]
[TimeControl "180+1"]
[Date "2022.01.18"]
[WhiteClock "0:00:03"]
[BlackClock "0:00:04"]

1. e4 c6 2. Nf3 d5 3. d3 dxe4 4. dxe4 Qxd1+ 5. Kxd1 Nf6 6. Nbd2 g6 7. Ne1 Bh6 8. f3 O-O 9. Nd3 Rd8 10. Nc4 Bxc1 11. Kxc1 Na6 12. a4 b6 13. a5 b5 14. Ne3 Bb7 15. Nf4 e5 16. Nd3 Nd7 17. Ng4 f6 18. Be2 Kg7 19. b3 Nac5 20. Nb4 Na6 21. Nxa6 Bxa6 22. Rd1 Nc5 23. Kb2 Ne6 24. Ne3 Kf7 25. Bf1 Ke7 26. g3 Rxd1 27. Rxd1 Rd8 28. Rxd8 Kxd8 29. b4 Bc8 30. c3 Ke7 31. Kc2 Kd6 32. Kd2 Nc7 33. c4 a6 34. f4 Ne6 35. Bh3 Bd7 36. cxb5 cxb5 37. f5 Nd4 38. fxg6 hxg6 39. Bxd7 Kxd7 40. Nd5 f5 41. Kd3 Kd6 42. Ne3 Ke6 43. h4 Nc6 44. Nd5 Kd6 45. Ke3 Nd4 46. Kd3 Nc6 47. Ke3 Nd4 48. Nf6 Nc2+ 49. Kd2 Nxb4 50. h5 Ke6 51. Nd5 Nc6 52. hxg6 fxe4 53. Nc7+ Kf6 54. Nxa6 Nxa5 55. Nc5 Nc4+ 56. Ke2 Nd6 57. Nd7+ Kxg6 58. Nxe5+ Kf5 59. Nc6 Kg4 60. Ke3 Kxg3 61. Nb4 Kg4 62. Nc6 Kf5 63. Kd4 Kf4 64. Nb4 Kf3 65. Nd5 Nf5+ 66. Kc5 Ne3 67. Nc3 Nc2 68. Nxe4 b4 69. Nd2+ Ke3 70. Nb3 Kd3 71. Nc1+ Kc3 72. Na2+ Kb2 73. Nxb4 1/2-1/2


[Site "https://www.chess.com"]

[Event "Titled Tuesday Blitz January 18 2022"]
[White "Yurovskykh, Oleksandr"]
[Black "Erece, Ece Alkim"]
[WhiteFideId "14134020"]
[BlackFideId "6346006"]
[WhiteElo "2292"]
[BlackElo "1662"]
[Result "1-0"]
[Round "06"]
[TimeControl "180+1"]
[Date "2022.01.18"]
[WhiteClock "0:01:02"]
[BlackClock "0:00:14"]

1. d4 Nf6 2. Nf3 g6 3. Bg5 Bg7 4. Nbd2 d6 5. c3 Nbd7 6. e4 c6 7. Be2 e5 8. dxe5 dxe5 9. Nc4 Qc7 10. Nd6+ Ke7 11. Nxc8+ Raxc8 12. Qc2 Rhd8 13. O-O Kf8 14. Nd2 h6 15. Be3 Kg8 16. a4 b6 17. Rfd1 Nf8 18. f3 Ne6 19. Nc4 Rxd1+ 20. Rxd1 Rd8 21. Rxd8+ Nxd8 22. Qd1 Ne6 23. Qd6 Qxd6 24. Nxd6 Bf8 25. Nc8 Bc5 26. Kf2 Bxe3+ 27. Kxe3 Nc5 28. Bd1 Ne8 29. Nxa7 Nd6 30. b3 f6 31. Nxc6 Kf7 32. Nb4 Ke6 33. Nd5 Nc8 34. b4 Nd7 35. Be2 f5 36. Ba6 Nd6 37. Kd3 fxe4+ 38. fxe4 Nf6 39. Nxf6 Kxf6 40. Bc4 Kg5 41. g3 Kg4 42. a5 bxa5 43. bxa5 Nc8 44. Be6+ 1-0


[Site "https://www.chess.com"]

[Event "Titled Tuesday Blitz January 18 2022"]
[White "Zhigalko, Sergei"]
[Black "Sadhwani, Raunak"]
[WhiteFideId "13502956"]
[BlackFideId "35093487"]
[WhiteElo "2864"]
[BlackElo "3009"]
[Result "0-1"]
[Round "06"]
[TimeControl "180+1"]
[Date "2022.01.18"]
[WhiteClock "0:00:02"]
[BlackClock "0:00:09"]

1. e4 e5 2. Nf3 Nc6 3. Bb5 Nge7 4. O-O Ng6 5. c3 a6 6. Ba4 d5 7. exd5 Qxd5 8. Bb3 Qd3 9. Bc2 Qd6 10. Re1 Be7 11. Na3 Be6 12. d3 O-O 13. Nc4 Bxc4 14. dxc4 Qxd1 15. Rxd1 f5 16. Rd7 Rac8 17. Ng5 Rcd8 18. Rxc7 Rf6 19. Rxb7 h6 20. Nf3 Na5 21. Rxe7 Nxe7 22. Nxe5 Re6 23. f4 Nac6 24. Nxc6 Nxc6 25. Kf2 g6 26. Be3 Na5 27. b3 Nc6 28. Rd1 Rde8 29. Rd3 g5 30. g3 gxf4 31. gxf4 h5 32. Bd1 h4 33. Bh5 Rf8 34. Bf3 Ne7 35. Rd7 Rf7 36. Bd4 h3 37. b4 Rf8 38. c5 Rc8 39. Be5 Kf8 40. Bd6 Ke8 41. Ra7 Ng6 42. Bh5 Rd8 43. Rxa6 Kf7 44. Ra7+ Kf6 45. Bxg6 Kxg6 46. b5 Rde8 47. c6 Rxd6 48. Rd7 Rxd7 49. cxd7 Rd8 50. Ke3 Rxd7 51. c4 Kf6 52. a4 Ke6 53. a5 Kd6 54. Kd4 Kc7+ 55. Ke5 Rd2 56. Kxf5 Rxh2 57. Kg4 Rf2 0-1


[Site "https://www.chess.com"]

[Event "Titled Tuesday Blitz January 18 2022"]
[White "Aditya Mittal"]
[Black "Aydin, Gulenay"]
[WhiteFideId "35042025"]
[BlackFideId "34557431"]
[WhiteElo "2287"]
[BlackElo "1429"]
[Result "1-0"]
[Round "07"]
[TimeControl "180+1"]
[Date "2022.01.18"]
[WhiteClock "0:00:29"]
[BlackClock "0:00:01"]

1. d4 Nf6 2. c4 g6 3. Nc3 Bg7 4. e4 d6 5. Be2 O-O 6. Be3 c5 7. d5 e6 8. Nf3 exd5 9. cxd5 Bg4 10. Nd2 Bxe2 11. Qxe2 Nbd7 12. O-O Rb8 13. a4 Re8 14. Kh1 a6 15. Bf4 Ne5 16. h3 h6 17. Bh2 g5 18. Bxe5 Rxe5 19. Nc4 Re8 20. a5 Qe7 21. Rfe1 Nd7 22. Ne3 Be5 23. Nf5 Qf6 24. h4 Nf8 25. Qh5 Kh7 26. hxg5 Qxg5 27. Qxf7+ Kh8 28. g3 Ng6 29. f4 Qh5+ 30. Nh4 Rg8 31. Qf5 Qxf5 32. Nxf5 Bxc3 33. bxc3 Rbd8 34. Nxh6 Rg7 35. Rab1 Rh7 36. Kg2 Rxh6 37. Rxb7 Rg8 38. Kf3 Rh2 39. e5 dxe5 40. fxe5 Rh3 41. d6 Nh4+ 42. Ke4 Rg4+ 43. Kd5 Rhxg3 44. e6 Rd3+ 45. Kc6 Nf5 46. e7 Rxd6+ 47. Kxc5 Rg8 48. e8=Q Rxe8 49. Rxe8# 1-0


[Site "https://www.chess.com"]

[Event "Titled Tuesday Blitz January 18 2022"]
[White "Aloma Vidal, Robert"]
[Black "Demin, Vladimir"]
[WhiteFideId "2260409"]
[BlackFideId "4167457"]
[WhiteElo "2435"]
[BlackElo "2481"]
[Result "0-1"]
[Round "07"]
[TimeControl "180+1"]
[Date "2022.01.18"]
[WhiteClock "0:00:27"]
[BlackClock "0:00:11"]

1. e4 Nf6 2. e5 Nd5 3. Bc4 Nb6 4. Bb3 d6 5. Nf3 c5 6. d3 Nc6 7. exd6 exd6 8. O-O Be7 9. Nc3 d5 10. h3 O-O 11. a3 Be6 12. Re1 h6 13. Bf4 a6 14. Ne5 Nxe5 15. Bxe5 Bd6 16. Qh5 Bxe5 17. Rxe5 c4 18. Ba2 Nd7 19. Ree1 Nf6 20. Qf3 b5 21. Rad1 Qc7 22. Ne2 Rae8 23. c3 Qc8 24. Nf4 Bf5 25. Bb1 Rxe1+ 26. Rxe1 Rd8 27. g4 Bh7 28. Re5 Qc7 29. Qe3 d4 30. cxd4 c3 31. bxc3 Qxc3 32. Kg2 g5 33. Ne2 Qb2 34. Qf3 Kg7 35. Re7 Qxb1 36. Ng3 Qb3 37. Qb7 Qd5+ 38. Qxd5 Rxd5 39. Ne2 Bxd3 40. Nc3 Rxd4 41. Ra7 Bc4 42. Kf3 Rd3+ 43. Kg2 Rxc3 44. Rxa6 Rb3 45. Ra5 Ne4 46. f3 Nd2 47. Kf2 Nb1 48. Ke1 Rxa3 49. Rxb5 Bxb5 50. h4 Nc3 51. f4 Ra2 52. hxg5 Re2+ 53. Kf1 hxg5 54. Kg1 Re4 55. f5 Rxg4+ 56. Kf2 Rf4+ 57. Kg3 Kf6 58. Kh3 Ne4 59. Kh2 Kxf5 60. Kh3 Rf3+ 61. Kh2 Rf2+ 62. Kh1 Rf4 63. Kg1 Bd7 64. Kh2 g4 65. Kh1 Kg5 66. Kg2 Nf6 67. Kh2 Rf3 68. Kh1 Kf4 69. Kg2 g3 70. Kg1 Ng4 71. Kh1 Rf1+ 72. Kg2 Rf2+ 73. Kg1 Ne3 74. Kh1 Bc6+ 75. Kg1 Rf1# 0-1


[Site "https://www.chess.com"]

[Event "Titled Tuesday Blitz January 18 2022"]
[White "Andreikin, Dmitry"]
[Black "Klukin, Kirill"]
[WhiteFideId "4158814"]
[BlackFideId "24199273"]
[WhiteElo "2945"]
[BlackElo "2662"]
[Result "1-0"]
[Round "07"]
[TimeControl "180+1"]
[Date "2022.01.18"]
[WhiteClock "0:01:26"]
[BlackClock "0:00:01"]

1. d4 d5 2. c4 c6 3. Nf3 Nf6 4. e3 e6 5. Nbd2 Nbd7 6. Bd3 Bd6 7. O-O O-O 8. e4 dxe4 9. Nxe4 Nxe4 10. Bxe4 Nf6 11. Bc2 c5 12. Bg5 h6 13. Bh4 cxd4 14. Qd3 Re8 15. Nxd4 g5 16. Bg3 Bxg3 17. fxg3 e5 18. Nb5 Qxd3 19. Bxd3 Rd8 20. Rxf6 Rxd3 21. Raf1 Bg4 22. h3 Bh5 23. Nd6 Rf8 24. Nf5 Rfd8 25. Nxh6+ Kg7 26. Nxf7 Rf8 27. Nxe5 Rxf6 28. Nxd3 Rd6 29. Ne5 Re6 30. Rf5 b6 31. Rxg5+ 1-0


[Site "https://www.chess.com"]

[Event "Titled Tuesday Blitz January 18 2022"]
[White "Aradhya, Garg"]
[Black "Yoo, Christopher Woojin"]
[WhiteFideId "25006746"]
[BlackFideId "30909694"]
[WhiteElo "2653"]
[BlackElo "2914"]
[Result "0-1"]
[Round "07"]
[TimeControl "180+1"]
[Date "2022.01.18"]
[WhiteClock "0:00:04"]
[BlackClock "0:00:33"]

1. d4 Nf6 2. c4 e6 3. Nf3 d5 4. Nc3 c5 5. cxd5 Nxd5 6. e4 Nxc3 7. bxc3 cxd4 8. cxd4 Bb4+ 9. Bd2 Bxd2+ 10. Qxd2 O-O 11. Bd3 Nd7 12. O-O b6 13. a4 Bb7 14. a5 Nf6 15. Rfe1 Rc8 16. axb6 axb6 17. Qb4 Qc7 18. Rab1 Qf4 19. Qd2 Qxd2 20. Nxd2 Rfd8 21. Rxb6 Rxd4 22. Rxb7 Rxd3 23. Nf3 h6 24. Ne5 Rd4 25. f3 Rd2 26. Kh1 Rcd8 27. Nxf7 Rd1 28. Rg1 Rxg1+ 29. Kxg1 Rd1+ 30. Kf2 Rd2+ 31. Kf1 Nh5 32. Ne5 Nf4 33. Rb6 Nxg2 34. Rxe6 Ne3+ 35. Ke1 Rxh2 36. Ng4 Nxg4 37. fxg4 Rg2 38. Kf1 Rxg4 39. Kf2 h5 40. Kf3 Kf7 41. Re5 g5 42. Ra5 Rf4+ 43. Kg3 h4+ 44. Kh3 Kg6 45. Re5 Kh5 46. Re8 g4+ 47. Kg2 h3+ 48. Kh2 Rf2+ 49. Kg1 g3 50. Rh8+ Kg4 51. Rg8+ Kf3 52. Rf8+ Ke2 53. Rh8 Rf1# 0-1


[Site "https://www.chess.com"]

[Event "Titled Tuesday Blitz January 18 2022"]
[White "Artem_Koval"]
[Black "Goryachkina, Aleksandra"]
[BlackFideId "4147103"]
[WhiteElo "2491"]
[BlackElo "2426"]
[Result "1/2-1/2"]
[Round "07"]
[TimeControl "180+1"]
[Date "2022.01.18"]
[WhiteClock "0:00:38"]
[BlackClock "0:00:16"]

1. d4 d5 2. Bf4 Nf6 3. e3 Bf5 4. c4 e6 5. Nc3 Bb4 6. Nf3 O-O 7. Bd3 Ne4 8. Qc2 c5 9. O-O Bxc3 10. bxc3 Nc6 11. cxd5 exd5 12. Ne5 Nxe5 13. Bxe5 c4 14. Bxe4 Bxe4 15. Qb2 Qd7 16. a4 a5 17. Rfe1 Ra6 18. f3 Bd3 19. e4 Re6 20. Qb5 Qxb5 21. axb5 dxe4 22. fxe4 b6 23. Bc7 Bxe4 24. Bxb6 Rxb6 25. Rxe4 Rxb5 26. Ra4 f5 27. Re7 Rc8 28. Ra7 Rb1+ 29. Kf2 Rb2+ 30. Kg3 Rb3 31. Kf4 Rxc3 32. R4xa5 Rc2 33. Rc5 Rd8 34. Kf3 Rc3+ 35. Kf4 Rc2 36. Kf3 Rc3+ 37. Kf4 Rc2 1/2-1/2


[Site "https://www.chess.com"]